 Dungeon Crawl Stone Soup version 0.29.1-15-g9cfb28693d (webtiles) character file.

Game seed: 14680776739298904778

10 protoss039 the Digger (level 2, 20/20 HPs)
             Began as a Demonspawn Earth Elementalist on Mar 12, 2023.
             Got out of the dungeon alive.
             The game lasted 00:00:41 (773 turns).

protoss039 the Digger (DsEE)                         Turns: 773, Time: 00:00:41

Health: 20/20      AC:  5    Str:  8    XL:     2   Next: 10%
Magic:  5/5        EV: 10    Int: 16    God:
Gold:   58         SH:  0    Dex: 13    Spells: 4/5 levels left

rFire   . . .      SeeInvis .   a - +0 whip
rCold   . . .      Faith    .   (no shield)
rNeg    . . .      Spirit   .   l - +0 ring mail
rPois   .          Reflect  .   (no helmet)
rElec   .          Harm     .   (no cloak)
rCorr   .          Rampage  .   (no gloves)
Will    .....                   (no boots)
Stlth   +.........              (no amulet)
HPRegen 0.06/turn               (no ring)
MPRegen 0.09/turn               (no ring)

@: no status effects
A: foul stench 1
a: no special abilities


You escaped.
You visited 1 branch of the dungeon, and saw 1 of its levels.

You collected 58 gold pieces.

Inventory:

Hand Weapons
 a - a +0 whip (weapon)
Armour
 l - a +0 ring mail (worn)
Scrolls
 c - a scroll of poison {unknown}
 d - a scroll of noise {unknown}
 e - 2 scrolls of enchant weapon {unknown}
 g - a scroll of immolation {unknown}
 h - a scroll of identify {unknown}
 i - a scroll of amnesia {unknown}
 k - a scroll of vulnerability {unknown}
Potions
 b - a potion of magic
 f - a potion of haste {unknown}
 j - a potion of flight {unknown}


   Skills:
 + Level 0.8 Fighting
 - Level 1.7 Dodging
 - Level 1.7 Stealth
 + Level 2.2 Spellcasting
 - Level 0.8 Transmutations
 + Level 2.9 Earth Magic


You had 4 spell levels left.
You knew the following spells:

 Your Spells              Type           Power      Damage    Failure   Level
a - Sandblast             Erth           22%        2d7       19%         1

Your spell library contained the following spells:

 Spells                   Type           Power      Damage    Failure   Level
 Passwall                 Tmut/Erth      5%         N/A       41%         2
 Stone Arrow              Conj/Erth      12%        3d7       71%         3
 Petrify                  Tmut/Erth      7%         N/A       96%         4


Dungeon Overview and Level Annotations

Branches:
Dungeon (1/15) Zot: 5220

Altars:

Shops:
D:1 [


Innate Abilities, Weirdness & Mutations

You may rarely emit foul miasma when damaged in melee.


Message History

Unknown command.
Casting: Sandblast (safe; 19% risk of failure)
Confirm with . or Enter, or press ? or * to list all spells.
You don't have enough magic to cast this spell.
Unknown command.
Unknown command.
The dart slug barely misses you.
Things that are here:
a +0 whip; a kobold corpse
a - a +0 whip The dart slug launches a dart at you.
The slug dart hits you but does no damage.
a - a +0 whip (weapon)
Unknown command.
You are already wielding that!
Unknown command.
You hit the dart slug.
The dart slug is moderately wounded.
The dart slug closely misses you.
You hit the dart slug.
The dart slug is severely wounded.
The dart slug barely misses you.
You hit the dart slug but do no damage.
The dart slug is severely wounded.
The dart slug launches a dart at you. The slug dart misses you.
You hit the dart slug.
The dart slug is almost dead.
Your magical contamination has completely faded away.
You hit the dart slug.
You kill the dart slug!
You have reached level 2!
Your demonic ancestry asserts itself...
You begin to emit a foul stench of rot and decay.
Unknown command.
There is a stone staircase leading down here.
There is a large open door here.
There is a staircase leading out of the dungeon here.
Are you sure you want to leave the Dungeon?
This will make you lose the game!
You have escaped!

#...##....###########.).∩.....##
#......#### ###..#.#....##
#.......## ###.............
#...###..#### ................
#...# ##....########..........##
#...# ####.....................
#########..>...#####............
#.......##########............
#.......#8...@..8#.#..........
#.......#≈......§#............
#.......#§.)....≈#............
#.......#≈......≈#............
####.##.#≈..88..≈#........#...
#.##.#≈.....§§#....#...#...
#.##.#≈......§#......#>....
#.##.#§.....§§######.......
#..#.#8......8# ###..#..


There were no monsters in sight!

Vanquished Creatures
  A dart slug (D:1)
  A bat (D:1)
  An endoplasm (D:1)
  2 quokkas (D:1)
  2 ball pythons (D:1)
  A kobold (D:1)
8 creatures vanquished.

Notes
Turn   | Place    | Note
-------+----------+-------------------------------------------
     0 | D:1      | protoss039 the Demonspawn Earth Elementalist began the
                  | quest for the Orb.
     0 | D:1      | Reached XP level 1. HP: 13/13 MP: 3/3
   144 | D:1      | Found Yblich's Armour Shop.
   718 | D:1      | Gained mutation: You may rarely emit foul miasma when
                  | damaged in melee. [demonic ancestry]
   718 | D:1      | Reached XP level 2. HP: 20/20 MP: 1/5
   773 | D:$      | Got out of the dungeon alive.

Illustrated notes

Levels and vault maps discovered:
D:1:      lightli_arrival_noodles, layout_rooms, serial_shops,
          nicolae_shop_crystal

Action                   || total
-------------------------++-------
Melee: Unarmed           ||     9
       Whip              ||     5
 Cast: Sandblast         ||    13
Armor: Robe              ||     2
       Ring mail         ||     1
Dodge: Dodged            ||    15
